Map: Inferno Pools

Players

DIMAGA - Winner!

  • Race: Zerg Zerg
  • Spawn Location: 7:00

Wintersc2 (Winter)

  • Race: Protoss Protoss
  • Spawn Location: 11:00

VOD

Have the link to the VOD?

Description

Time

  • Played on: April 2, 2015, 3:07 a.m.
  • Length: 7:46
Show
View Real Time Build Order
Export as new Build Order

DIMAGA Zerg - Winner!

Build Orders: Hatch First 

Get SALT Encoding   

  12  0:01  Drone  
  13  0:09  Drone  
  14  0:17  Overlord  
  14  0:36  Drone x3  
  17  0:47  Drone  
  18  0:57  Hatchery  
  17  0:58  Drone  
  18  1:09  Drone  
  19  1:14  Spawning Pool  
  18  1:20  Drone  
  18  1:23  Extractor  
  18  1:33  Drone  
  19  1:42  Overlord  
  19  1:55  Drone  
  20  2:01  Queen  
  22  2:09  Drone, Queen  
  22  2:10  Zergling x2  
  22  2:14  Overlord  
  26  2:20  Drone  
  27  2:25  Drone  
  28  2:31  Metabolic Boost, Drone  
  28  2:35  Drone  
  30  2:39  Queen  
  30  2:42  Drone  
  33  2:47  Queen  
  33  2:50  Drone  
  36  2:57  Overlord  
  36  2:58  Drone  
  37  3:16  Hatchery  
  37  3:19  Queen  
  38  3:20  Drone  
  38  3:21  Drone x2  
  40  3:30  Queen  
  40  3:31  Drone  
  43  3:40  Drone x5  
  48  3:44  Overlord  
  48  3:54  Spore Crawler  
  48  3:55  Zergling x8  
  51  4:06  Overlord  
  51  4:08  Spore Crawler  
  50  4:12  Zergling x12  
  56  4:19  Overlord  
  56  4:27  Lair  
  56  4:31  Queen  
  58  4:33  Drone x4  
  59  4:46  Zergling x2  
  59  4:47  Zergling x14  
  61  5:00  Zergling x12  
  65  5:14  Drone x6  
  67  5:32  Spire, Extractor  
  67  5:34  Extractor x2  
  67  5:35  Drone x4  
  65  5:36  Drone x4  
  60  6:00  Drone  
  60  6:01  Drone x4  
  62  6:07  Drone x4  
  62  6:08  Zergling x10, Extractor x2  
  69  6:23  Overlord  
  69  6:34  Spore Crawler  
  69  6:35  Drone  
  69  6:36  Drone x4  
  73  6:40  Overlord  
  73  6:41  Spine Crawler  
  73  6:43  Mutalisk x7  
  86  6:51  Overlord x2  
  85  6:58  Mutalisk x2  
  89  7:10  Mutalisk x2  
  93  7:26  Hatchery  
Show
View Real Time Build Order
Export as new Build Order

Wintersc2 Protoss 

Build Orders:  

Get SALT Encoding   

  12  0:01  Probe  
  13  0:13  Pylon  
  13  0:18  Probe  
  14  0:32  Probe (Chrono Boost)  
  15  0:40  Gateway  
  15  0:42  Probe (Chrono Boost)  
  16  0:48  Assimilator  
  16  0:49  Probe  
  17  1:01  Probe (Chrono Boost)  
  18  1:11  Pylon  
  19  1:12  Probe (Chrono Boost)  
  19  1:14  Assimilator  
  19  1:18  Probe (Chrono Boost)  
  20  1:30  Probe  
  20  1:32  Cybernetics Core  
  21  1:42  Probe (Chrono Boost)  
  21  1:44  Zealot  
  24  1:52  Probe (Chrono Boost)  
  25  1:59  Probe  
  26  2:08  Robotics Facility  
  26  2:11  Probe (Chrono Boost), Warp Gate (Chrono Boost)  
  27  2:25  Probe (Chrono Boost)  
  29  2:37  Pylon  
  29  2:38  Mothership Core  
  30  2:56  Robotics Bay  
  30  2:59  Probe, Warp Prism  
  33  3:07  Gateway  
  33  3:46  Probe  
  38  3:51  Disruptor (Chrono Boost), Forge  
  38  3:57  Nexus  
  38  4:06  Pylon  
  38  4:17  Disruptor  
  39  4:24  Probe  
  39  4:28  Gateway  
  39  4:30  Sentry x2, Photon Cannon  
  43  4:33  Pylon  
  43  4:36  Probe  
  42  4:47  Disruptor  
  42  4:48  Probe  
  39  5:00  Probe  
  39  5:04  Sentry, Zealot  
  44  5:12  Probe x2  
  45  5:17  Disruptor  
  45  5:24  Probe x2  
  45  5:29  Sentry  
  46  5:36  Probe x2  
  46  5:38  Photon Cannon  
  47  5:48  Probe x2  
  49  5:53  Pylon  
  48  6:01  Probe x2  
  50  6:10  Disruptor (Chrono Boost)  
  50  6:13  Probe x2 (Chrono Boost)  
  52  6:23  Probe (Chrono Boost)  
  52  6:24  Probe (Chrono Boost)  
  54  6:27  Gateway  
  54  6:29  Gateway  
  54  6:31  Photon Cannon  
  54  6:35  Gravitic Drive  
  54  6:36  Probe  
  55  6:42  Probe  
  55  6:44  Disruptor  
  56  6:48  Probe  
  56  6:51  Assimilator  
  57  6:54  Probe  
  57  6:56  Zealot  
  57  7:00  Zealot  
  60  7:03  Probe  
  60  7:32  Pylon, Stargate  
  60  7:34  Pylon  
  60  7:41  Assimilator  
Tags
 
Matchup
PvZ
Replay Pack
winter
Spawn Locations
Close Positions
Add a new tag
Caveats
  • Supply blocks, unpowered buildings, or Contaminate may cause inaccurate times.
  • Supply counts are checked every 10 seconds.